AoeStats
← _The_Lion

Arabia

509515070Analyzed
1v1 RM · 6d ago on Sep 27, 2026· 50m 38s· 2 players
Game mode
Random Map
Map size
Tiny (2 player)
Population
200
Speed
Normal
Resources
Standard
Victory
Conquest
Starting age
Dark Age
Ending age
Imperial Age
RankedLock teamsTeams togetherTeam positionsShared explorationLock speedFull tech treeHidden civsTurbo modeCheats
Victory
Defeat
🇨🇦 Chinese · Canada
1692
+10
🇺🇸 Japanese · United States
1567
-10
Men Call Me Gladiator
8:09 Loom
10:34 Feudal Age
11:11 Double-Bit Axe
11:21 Gold Mining
11:15 Man-at-Arms
13:36 Fletching
15:40 Padded Archer Armor
24:13 Castle Age
24:17 Crossbowman
25:03 Thumb Ring
25:01 Bodkin Arrow
27:07 Bow Saw
28:07 Ballistics
28:44 Wheelbarrow
32:35 Hand Cart
38:35 Imperial Age
36:50 Gold Shaft Mining
37:23 Leather Archer Armor
37:35 Horse Collar
38:37 Arbalester
39:19 Bracer
39:58 Husbandry
39:32 Light Cavalry
40:12 Husbandry
40:25 Guard Tower
40:46 Masonry
41:11 Stone Mining
41:13 Treadmill Crane
41:57 Scale Barding Armor
42:23 Bloodlines
43:35 Ring Archer Armor
44:20 Conscription
45:12 Yasama
45:43 Chain Barding Armor
45:33 Forging
46:59 Chemistry
46:53 Elite Skirmisher
49:30 Iron Casting
49:34 Town Watch
_The_Lion
0:28 Loom
9:07 Feudal Age
15:05 Fletching
23:58 Castle Age
22:27 Double-Bit Axe
22:24 Horse Collar
23:39 Padded Archer Armor
24:01 Crossbowman
24:40 Bodkin Arrow
25:40 Thumb Ring
31:21 Ballistics
36:40 Wheelbarrow
35:51 Town Watch
39:36 Imperial Age
36:38 Elite Skirmisher
37:30 Gold Mining
38:33 Leather Archer Armor
40:32 Forging
40:23 Scale Mail Armor
41:05 Conscription
40:39 Elite Fire Lancer
41:29 Bracer
41:59 Ring Archer Armor
42:05 Iron Casting
42:34 Chemistry
42:08 Squires
41:53 Arson
45:04 Masonry
45:32 Chain Mail Armor
46:17 Blast Furnace
44:40 Pikeman
45:48 Hand Cart
45:34 Town Patrol
45:19 Halberdier
46:18 Bow Saw
46:22 Heavy Plow
48:48 Elite Chu Ko Nu
Connection lost

Rejoining the realm…

Still unreachable

The connection could not be restored.

Session expired

The server has moved on; the page needs a fresh start.